 Dungeon Crawl Stone Soup version 0.25-a0-589-g1e14c549ee (webtiles) character file.

Game seed: 2652475855451948411, levelgen mode: deterministic

167 Kohma the Digger (level 5, -1/38 HPs)
             Began as a Draconian Earth Elementalist on Mar 10, 2020.
             Killed from afar by Ijyb (4 damage)
             ... with an iceblast
             ... on level 4 of the Dungeon.
             The game lasted 00:06:56 (3034 turns).

Kohma the Digger (Draconian Earth Elementalist)     Turns: 3034, Time: 00:06:57

Health: -1/38      AC:  6    Str: 10    XL:     5   Next: 23%
Magic:  7/9        EV: 12    Int: 17    God:
Gold:   223        SH:  0    Dex: 11    Spells: 7/10 levels left

rFire    . . .     SeeInvis .     - Unarmed
rCold    . . .     Gourm    .   (no shield)
rNeg     . . .     Faith    .   (armour unavailable)
rPois    .         Spirit   .   (helmet restricted)
rElec    .         Reflect  .   (no cloak)
rCorr    .         Harm     .   p - +0 pair of gloves
MR       .....                  (no boots)
Stlth    ++........             (no amulet)
HPRegen  0.12/turn              (no ring)
MPRegen  0.11/turn              (no ring)

@: hasted, very quick
A: unfitting armour, cold-blooded, AC +5
a: no special abilities


You were on level 4 of the Dungeon.
You were not hungry.

You visited 1 branch of the dungeon, and saw 4 of its levels.

You collected 223 gold pieces.

Inventory:

Missiles
 b - 43 stones (quivered)
 j - 34 sling bullets
Armour
 p - a +0 pair of gloves (worn)
Jewellery
 a - an uncursed ring of magical power {unknown}
Wands
 u - a wand of flame (19)
Scrolls
 e - 3 scrolls of identify {unknown}
 f - 3 scrolls of magic mapping {unknown}
 g - a scroll of fear {unknown}
 i - a scroll of immolation {unknown}
 l - 2 scrolls of teleportation {unknown}
 m - a scroll of noise {unknown}
 o - a scroll of blinking {unknown}
 r - a scroll of random uselessness {unknown}
 t - a scroll of enchant weapon {unknown}
 v - a scroll of remove curse {unknown}
Potions
 d - 3 potions of haste
 h - a potion of heal wounds {unknown}
 k - a potion of lignification {unknown}
 n - a potion of curing {unknown}
 q - a potion of berserk rage {unknown}
Comestibles
 c - 7 rations


   Skills:
 - Level 2.0 Dodging
 - Level 1.7 Stealth
 + Level 2.0 Unarmed Combat
 + Level 3.0 Spellcasting
 - Level 1.0 Transmutations
 * Level 4.7 Earth Magic


You had 7 spell levels left.
You knew the following spells:

 Your Spells              Type           Power        Failure   Level  Hunger
a - Sandblast             Erth           ###...       2%          1    None
b - Passwall              Tmut/Erth      ##......     9%          2    ##.....

Your spell library contained the following spells:

 Spells                   Type           Power        Failure   Level  Hunger
 Stone Arrow              Conj/Erth      ##....       21%         3    ###....
 Petrify                  Tmut/Erth      ##......     47%         4    ####...
 Lee's Rapid Deconstruct  Erth           ###.......   56%         5    ######.


Dungeon Overview and Level Annotations

Branches:
Dungeon (4/15)
 Temple: D:4-7

Altars:
Cheibriados
Wu Jian

Annotations:
D:4 Ijyb


Innate Abilities, Weirdness & Mutations

Your plain brown scales are hard. (AC +5)
You cannot fit into any form of body armour.
You are cold-blooded and may be slowed by cold attacks.


Message History

Casting: Sandblast (safe; 2% risk of failure)
Confirm with . or Enter, or press ? or * to list all spells.
Aiming: Sandblast (safe; 2% risk of failure)
Press: ? - help, Shift-Dir - straight line, f/p - iguana
Aim: an iguana The blast of sand hits the iguana.
The iguana is lightly wounded.
b - 43 stones The hound closely misses you.
The iguana bites you!
* * * LOW HITPOINT WARNING * * *
It was a potion of haste.
You feel yourself speed up.
The hound barely misses you. x2; The iguana closely misses you.
A ball python comes into view.
The ball python hisses angrily.
Ijyb the Twisted Goblin comes into view.
She is wielding a +0 dagger and carrying a wand of iceblast (10).
Ijyb screams, "You nasty!
Big nasty!"
Found a ring mail.
A worker ant comes into view.
Ijyb zaps a wand.
The mass of ice explodes!
The iceblast engulfs you.
You die...

#......## #........
........a #......[.
.... #........
......#### #..<.....
.........######........
..... #.......@.......
#.#.##...###.#..#.##.
###.....S.l...h.......
............<.$........
###....####...........
##.............#g...
#.......##.........
##.......##...#....
###..#...#.......


You could see Ijyb, a hound and a worker ant (sleeping).

Vanquished Creatures
  4 gnolls (D:3)
  6 adders
  A worm (D:3)
  A dart slug (D:3)
  2 leopard geckos (D:1)
  An orc (D:3)
  6 bats
  3 giant cockroaches
  5 goblins
  7 hobgoblins
  6 jackals
  5 quokkas
  A ball python (D:3)
  2 frilled lizards
  8 kobolds
  4 rats
62 creatures vanquished.

Notes
Turn   | Place    | Note
-------+----------+-------------------------------------------
     0 | D:1      | Kohma the Draconian Earth Elementalist began the quest for
                  | the Orb.
     0 | D:1      | Reached XP level 1. HP: 14/14 MP: 3/3
   485 | D:1      | Reached XP level 2. HP: 11/20 MP: 1/5
  1497 | D:2      | Reached XP level 3. HP: 26/26 MP: 3/6
  1622 | D:2      | Found a snail-covered altar of Cheibriados.
  2043 | D:3      | Reached skill level 1 in Unarmed Combat
  2048 | D:3      | Reached skill level 4 in Earth Magic
  2139 | D:3      | Reached XP level 4. HP: 23/33 MP: 4/7
  2460 | D:3      | Reached XP level 5. HP: 31/38 MP: 5/9
  2539 | D:3      | Found an ornate altar of the Wu Jian Council.
  2979 | D:3      | Learned a level 2 spell: Passwall
  3031 | D:4      | Noticed Ijyb
  3034 | D:4      | Killed from afar by Ijyb

Levels and vault maps discovered:
D:1:      ncdulo_wetmaze, layout_loops_ring, serial_rivers,
          chequers_serial_rivers_large_a, chequers_serial_rivers_room_b,
          chequers_serial_rivers_small_a, chequers_serial_rivers_micro_e,
          chequers_serial_rivers_room_a, serial_bayou_pond_c
D:2:      layout_basic, cheibriados_altar_1, minmay_misc_feat_encased
D:3:      layout_basic, overflow_temple_1_default
D:4:      layout_rooms, serial_shops, nicolae_shop_behind_doors,
          gammafunk_ghost_abyssal_escape, corexii_corridor_pit, uniq_ijyb

Skill      XL: |  1  2  3  4  5 |
---------------+----------------+-----
Dodging        | 2 |  2.0
Unarmed Combat | 1 2 |  2.0
Earth Magic    | 4 |  4.7
Spellcasting   | 3 |  3.0
Stealth        | |  1.7
Transmutations | |  1.0

Action                   |  1- 3 |  4- 6 || total
-------------------------+-------+-------++-------
Melee: Unarmed           |    59 |    12 ||    71
       Tailslap          |     4 |       ||     4
 Cast: Sandblast         |    39 |    49 ||    88
  Use: Potion            |       |     1 ||     1
  Eat: Chunk             |     4 |     3 ||     7
Armor: Skin              |    19 |     4 ||    23
Dodge: Dodged            |    36 |    25 ||    61

Table legend:
 A = Non-vault XP
 B = Vault XP
 C = Vault XP percentage of total XP
 D = Non-vault monster count
 E = Vault monster count
 F = Vault count percentage of total count
                 A         B        C        D         E       F
            +---------+---------+-------+---------+---------+-------
      Total |     239 |       0 |   0.0 |      62 |       0 |   0.0
            +---------+---------+-------+---------+---------+-------
        D:1 |      21 |       0 |   0.0 |      11 |       0 |   0.0
        D:2 |      44 |       0 |   0.0 |      12 |       0 |   0.0
        D:3 |     174 |       0 |   0.0 |      39 |       0 |   0.0
            +---------+---------+-------+---------+---------+-------
